[Event "Titled Tuesday Blitz August 17 2021"]
[White "Janaszak, Dawid"]
[Black "Ivanov, Oleg"]
[WhiteFideId "1119206"]
[BlackFideId "4103114"]
[WhiteElo "2332"]
[BlackElo "2694"]
[Result "0-1"]
[Round "04"]
[TimeControl "180+1"]
[Date "2021.08.17"]
[WhiteClock "0:00:04"]
[BlackClock "0:00:02"]

1. d4 d5 2. Nf3 Nf6 3. c4 e6 4. g3 Be7 5. Bg2 O-O 6. O-O c6 7. Nbd2 Nbd7 8. Qc2 b6 9. e4 dxc4 10. Nxc4 Bb7 11. Rd1 c5 12. e5 Nd5 13. Nd6 Bxd6 14. exd6 Rc8 15. dxc5 Rxc5 16. Qa4 a5 17. Ng5 N7f6 18. Ne4 Nxe4 19. Qxe4 Qxd6 20. Bf4 Qe7 21. Bd2 Rd8 22. b4 axb4 23. Bxb4 Nxb4 24. Qxb7 Qf8 25. Qxb6 Nd5 26. Qb2 g6 27. a4 Ra5 28. Bf1 Rb8 29. Bb5 Nc7 30. Qc3 Ra7 31. Rab1 Nxb5 32. axb5 Rab7 33. Qc6 Rb6 34. Qc4 Qe8 35. Rdc1 Rxb5 36. Rxb5 Qxb5 37. Qf4 Qe8 38. h4 Rc8 39. Re1 h5 40. Qf6 Qf8 41. Qa1 Qg7 42. Qa6 Rd8 43. Qa5 Qd4 44. Re3 Qd5 45. Qa3 Qd1+ 46. Kg2 Qd6 47. Qb3 Qd5+ 48. Qxd5 Rxd5 49. Ra3 Kg7 50. Ra7 Re5 51. Kf3 Rf5+ 52. Ke3 Rb5 53. Kf3 Rb3+ 54. Kg2 Rb8 55. Rc7 Rh8 56. Ra7 Rh6 57. Rb7 Rh7 58. Ra7 Rh8 59. Rb7 Ra8 60. Rc7 Ra2 61. Rb7 Ra3 62. Rc7 Ra4 63. Rb7 Kf6 64. Rc7 e5 65. Rc6+ Kf5 66. Rc7 f6 67. Rc5 g5 68. hxg5 Kxg5 69. Rb5 h4 70. gxh4+ Rxh4 71. Kg3 Rg4+ 72. Kf3 Kf5 73. Ke3 Ra4 74. f3 Ra2 75. Rc5 Ra3+ 76. Kf2 Ra4 77. Kg3 Rb4 78. Ra5 Rb8 79. Rc5 Rg8+ 80. Kf2 Rh8 81. Ra5 Rh5 82. Ke3 Rh2 83. Rb5 Rh3 84. Ra5 Kg5 85. Ke4 Rh4+ 86. Ke3 Rb4 87. Rc5 Ra4 88. Rb5 Ra3+ 89. Kf2 Kh4 90. Rb4+ Kg5 91. Rg4+ Kf5 92. Rb4 Ra2+ 93. Kg3 Ra5 94. Rc4 Rd5 95. Rb4 Rd4 96. Rb6 Kg5 97. Rb8 Rd3 98. Kf2 Kf4 99. Rb4+ Rd4 100. Rb2 f5 101. Ra2 Rc4 102. Rb2 Ra4 103. Rc2 Rd4 104. Rb2 Rc4 105. Ra2 Rb4 106. Rc2 Rd4 107. Rb2 Rc4 108. Ra2 Kg5 109. Rb2 Rc7 110. Ra2 Rh7 111. Ra5 Kf4 112. Ra4+ e4 113. fxe4 fxe4 114. Rb4 Rh2+ 115. Kg1 Ra2 116. Kf1 Kf3 117. Rb8 Ra1+ 0-1


[Site "https://www.chess.com"]

[Event "Titled Tuesday Blitz August 17 2021"]
[White "Kadam, Om Manish"]
[Black "Krishnakumar, Sriram"]
[WhiteFideId "45076294"]
[BlackFideId "30915856"]
[WhiteElo "1729"]
[BlackElo "2363"]
[Result "1-0"]
[Round "04"]
[TimeControl "180+1"]
[Date "2021.08.18"]
[WhiteClock "0:01:48"]
[BlackClock "0:00:34"]

1. e4 e5 2. Nf3 Nc6 3. Bc4 Bc5 4. c3 Nf6 5. d3 d6 6. b4 Bb6 7. a4 a5 8. b5 Ne7 9. Nbd2 Ng6 10. Bb3 Nf4 11. O-O h5 12. Nc4 Ng4 13. Bxf4 exf4 14. Nxb6 cxb6 15. h3 Be6 16. Nd4 Bxb3 17. Qxb3 Ne5 18. Qd5 Qd7 19. Nf5 O-O-O 20. d4 Ng6 21. c4 Qe6 22. Nxg7 Qxd5 23. cxd5 Nh4 24. g3 Rhg8 25. gxh4 Rxg7+ 26. Kh2 Re8 27. Rae1 Kd7 28. Rg1 Rxg1 29. Kxg1 f6 30. Kg2 f5 31. Kf3 fxe4+ 32. Rxe4 Rc8 33. Rxf4 Rc3+ 34. Ke4 Rxh3 35. f3 Rh1 36. Rf7+ Kc8 37. Kf5 Rxh4 38. f4 Rg4 39. Ke6 Rg6+ 40. Ke7 Rh6 41. f5 h4 42. Rg7 h3 43. Rg1 Rh7+ 44. Kxd6 Rh6+ 45. Ke7 Rh7+ 46. Ke6 Rh8 47. f6 h2 48. Rh1 Kd8 49. f7 Rh6+ 50. Kf5 Rh8 51. Kg6 Ke7 52. Kg7 Rd8 53. Re1+ Kd6 54. f8=Q+ Rxf8 55. Kxf8 Kxd5 56. Rh1 Kxd4 57. Rxh2 Kc5 58. Rh7 Kb4 59. Rxb7 Kxa4 60. Rxb6 Kb4 61. Rb8 a4 62. b6 a3 63. b7 a2 64. Ra8 1-0


[Site "https://www.chess.com"]

[Event "Titled Tuesday Blitz August 17 2021"]
[White "Kamsky, Gata"]
[Black "Shkapenko, Pavel"]
[WhiteFideId "2000024"]
[BlackFideId "4151933"]
[WhiteElo "2644"]
[BlackElo "2386"]
[Result "1/2-1/2"]
[Round "04"]
[TimeControl "180+1"]
[Date "2021.08.17"]
[WhiteClock "0:00:29"]
[BlackClock "0:00:15"]

1. d4 Nf6 2. Nf3 e6 3. Bf4 c5 4. e3 cxd4 5. exd4 b6 6. Nbd2 Bb7 7. Bd3 Be7 8. h3 d6 9. O-O O-O 10. Bh2 Re8 11. a4 Nc6 12. Re1 Bf8 13. Ne4 Nb4 14. Nxf6+ Qxf6 15. Be4 Bxe4 16. Rxe4 Rac8 17. c3 Nd5 18. Qe2 Qd8 19. c4 Nf6 20. Re3 d5 21. b3 dxc4 22. bxc4 Bd6 23. Ne5 Qc7 24. Qf3 Qe7 25. Rc1 Nd7 26. Bf4 Nxe5 27. dxe5 Bc5 28. Rd3 Red8 29. Rcd1 Rxd3 30. Rxd3 Rd8 31. g3 h6 32. h4 Qe8 33. Rxd8 Qxd8 34. Kg2 Qd4 35. Be3 Qxc4 36. Bxc5 Qxc5 37. Qa8+ Kh7 38. Qxa7 Qd5+ 1/2-1/2


[Site "https://www.chess.com"]

[Event "Titled Tuesday Blitz August 17 2021"]
[White "Karttunen, Mika"]
[Black "Boskovic, Drasko"]
[WhiteFideId "502081"]
[BlackFideId "927368"]
[WhiteElo "2343"]
[BlackElo "2388"]
[Result "1-0"]
[Round "04"]
[TimeControl "180+1"]
[Date "2021.08.17"]
[WhiteClock "0:00:04"]
[BlackClock "0:01:40"]

1. e4 c5 2. Nf3 Nc6 3. d4 cxd4 4. Nxd4 g6 5. c4 Nf6 6. Nc3 Nxd4 7. Qxd4 d6 8. Be2 Bg7 9. O-O O-O 10. Bg5 a5 11. Rfd1 Be6 12. Qd2 a4 13. Rac1 Qa5 14. f3 Rfc8 15. Nb5 Qxd2 16. Rxd2 Ra5 17. Rdc2 Kf8 18. Bd2 Ra6 19. Nd4 Rb6 20. Be3 Rb4 21. a3 Rb3 22. Nxb3 axb3 23. Rd2 Nd7 24. Bd1 Nc5 25. Kf1 Na4 26. Bxb3 Nxb2 27. Ke2 b5 28. Bd4 Bxd4 29. Rxd4 bxc4 30. Bc2 c3 31. a4 Nc4 32. Ra1 Na5 33. Rb4 Nc6 34. Rb6 Bc4+ 35. Ke3 Na5 36. h3 Be6 37. Rb4 h5 38. Ke2 Bc4+ 39. Ke3 h4 40. f4 f6 41. Kf3 Kf7 42. Kg4 g5 43. fxg5 fxg5 44. Kxg5 Rg8+ 45. Kxh4 Rxg2 46. Rc1 Kf6 47. Rb8 Ke5 48. Ra8 Nc6 49. a5 Nd4 50. Bd1 Kf4 51. Rxc3 Be6 52. Rf8+ Ke5 53. a6 Nb5 54. Rcf3 Rc2 55. Bxc2 Bc4 56. Rf2 Nd4 57. a7 1-0


[Site "https://www.chess.com"]

[Event "Titled Tuesday Blitz August 17 2021"]
[White "Kazakov, Mikhail"]
[Black "Simonovic, Miroslav"]
[WhiteFideId "14102749"]
[BlackFideId "919152"]
[WhiteElo "2373"]
[BlackElo "2043"]
[Result "1-0"]
[Round "04"]
[TimeControl "180+1"]
[Date "2021.08.18"]
[WhiteClock "0:00:28"]
[BlackClock "0:00:09"]

1. d4 Nf6 2. c4 c5 3. d5 b5 4. cxb5 a6 5. bxa6 Bxa6 6. Nc3 d6 7. e4 Bxf1 8. Kxf1 Nbd7 9. g3 g6 10. Kg2 Bg7 11. Nf3 O-O 12. Re1 Qa5 13. a4 Qb4 14. Ra3 Rfb8 15. h3 Ne8 16. h4 Nc7 17. h5 Ne5 18. Nxe5 Bxe5 19. hxg6 hxg6 20. Qf3 Kg7 21. Rh1 Rh8 22. Rxh8 Rxh8 23. Qd3 c4 24. Qc2 Na6 25. Be3 Rb8 26. Ra2 Qb3 27. Qxb3 Rxb3 28. a5 Kf8 29. Nd1 Ke8 30. Ra4 Rb4 31. Rxb4 Nxb4 32. f4 Bg7 33. Bd2 Na6 34. Bc3 Bxc3 35. bxc3 Kd7 36. Nb2 Nc5 37. Kf3 Kc7 38. Ke3 e5 39. dxe6 fxe6 40. Nxc4 Kc6 41. g4 Na4 42. Kd4 d5 43. Ne5+ Kb5 44. exd5 exd5 45. Nxg6 Kxa5 46. f5 Kb6 47. f6 Kc7 48. f7 Nc5 49. Kxc5 1-0


[Site "https://www.chess.com"]

[Event "Titled Tuesday Blitz August 17 2021"]
[White "Khodzhamkuliev, Bahadur"]
[Black "Djordjevic, Vuk"]
[WhiteFideId "24135046"]
[BlackFideId "902098"]
[WhiteElo "2130"]
[BlackElo "2463"]
[Result "0-1"]
[Round "04"]
[TimeControl "180+1"]
[Date "2021.08.17"]
[WhiteClock "0:00:09"]
[BlackClock "0:00:10"]

1. Nf3 Nf6 2. d4 e6 3. Bg5 c5 4. e3 Qb6 5. Bxf6 gxf6 6. Nbd2 cxd4 7. exd4 d5 8. Bd3 Nc6 9. O-O Bd7 10. Nb3 a5 11. a4 Nb4 12. Be2 Bd6 13. c3 Nc6 14. Re1 Ne7 15. Bd3 O-O-O 16. Rb1 Bxa4 17. Bc2 Bd7 18. Nc5 Bxc5 19. dxc5 Qxc5 20. b4 Qxc3 21. bxa5 Qxa5 22. Ra1 Qb4 23. Qe2 Bc6 24. Reb1 Qc5 25. Qd2 d4 26. Be4 Qc3 27. Qf4 Kd7 28. Bxc6+ Nxc6 29. Rxb7+ Ke8 30. Re1 Qc5 31. Qxf6 Rf8 32. h3 d3 33. Rd1 Ne7 34. Ne5 Nd5 35. Qf3 Qd6 36. Nxd3 Nc3 37. Rf1 Qd5 38. Qxd5 Nxd5 39. Nf4 Nxf4 40. Rb4 Nd5 41. Rh4 Rg8 42. Rxh7 Ke7 43. g3 Nf6 44. Rh4 Rd5 45. Kg2 Rd7 46. Re1 Rgd8 47. Re3 Rd2 48. Rf4 Nd5 49. Ref3 Nxf4+ 50. Rxf4 Rc2 51. h4 Rdd2 52. h5 Rc5 53. h6 Rh5 54. Rh4 Rxh4 55. gxh4 Rd8 56. Kg3 Rh8 0-1


[Site "https://www.chess.com"]

[Event "Titled Tuesday Blitz August 17 2021"]
[White "Klabis, Rokas"]
[Black "Kravtsiv, Martyn"]
[WhiteFideId "12805246"]
[BlackFideId "14113147"]
[WhiteElo "2275"]
[BlackElo "2680"]
[Result "0-1"]
[Round "04"]
[TimeControl "180+1"]
[Date "2021.08.17"]
[WhiteClock "0:02:31"]
[BlackClock "0:01:39"]

1. e4 e5 2. Nf3 Nc6 3. Bc4 Nf6 4. Ng5 d5 5. exd5 Na5 6. d3 h6 7. Nf3 e4 8. Qe2 Nxc4 9. dxc4 Bc5 10. h3 O-O 11. Nh2 Re8 12. Nf1 b5 13. Be3 Bb4+ 14. c3 Bf8 15. cxb5 Nxd5 16. Nbd2 a6 17. bxa6 Bxa6 18. c4 Nb4 19. Ng3 Nc2+ 20. Kf1 Nxa1 21. Ngxe4 Rxe4 22. Nxe4 Bxc4 0-1


[Site "https://www.chess.com"]

[Event "Titled Tuesday Blitz August 17 2021"]
[White "Kononenko, Dmitry"]
[Black "Maghsoodloo, Parham"]
[WhiteFideId "14113538"]
[BlackFideId "12539929"]
[WhiteElo "2276"]
[BlackElo "2601"]
[Result "0-1"]
[Round "04"]
[TimeControl "180+1"]
[Date "2021.08.17"]
[WhiteClock "0:00:01"]
[BlackClock "0:00:25"]

1. d4 Nf6 2. c4 e6 3. g3 d5 4. Nf3 Be7 5. Bg2 O-O 6. O-O Nbd7 7. Qc2 c6 8. Rd1 b6 9. Ne5 Bb7 10. cxd5 cxd5 11. Nc6 Bxc6 12. Qxc6 a6 13. Qc2 b5 14. Nc3 Nb6 15. Bf4 Rc8 16. a3 Nc4 17. Rac1 Qa5 18. Qb3 h6 19. h4 Rfd8 20. e4 dxe4 21. Nxe4 Nd5 22. Be3 Qa4 23. Qxa4 bxa4 24. Bd2 Nxb2 25. Rxc8 Rxc8 26. Ra1 Rc2 27. Bc1 Nd3 28. Be3 f5 29. Nc5 Nxe3 30. Nxd3 Nxg2 31. Kxg2 Bf6 32. Ne5 Rd2 33. Nf3 Bxd4 34. Nxd4 Rxd4 35. Rb1 Kf7 36. Rb6 Rd3 37. Rxa6 Rxa3 38. f4 h5 39. Ra7+ Kf6 40. Ra6 Ra2+ 41. Kf3 a3 42. Ke3 Ra1 43. Kf2 Ke7 0-1


[Site "https://www.chess.com"]

[Event "Titled Tuesday Blitz August 17 2021"]
[White "Krasilnikov, Evgeni"]
[Black "Bach, Ngoc Thuy Duong"]
[WhiteFideId "4139739"]
[BlackFideId "12408956"]
[WhiteElo "2295"]
[BlackElo "1896"]
[Result "1/2-1/2"]
[Round "04"]
[TimeControl "180+1"]
[Date "2021.08.18"]
[WhiteClock "0:00:12"]
[BlackClock "0:00:10"]

1. e4 c5 2. c3 Nf6 3. e5 Nd5 4. d4 cxd4 5. Nf3 Nc6 6. Bc4 e6 7. cxd4 d6 8. O-O dxe5 9. dxe5 Be7 10. Qe2 Nb6 11. Bd3 Nb4 12. Be4 Qc7 13. Nc3 Bd7 14. Bf4 Qc4 15. Qd2 Rd8 16. a3 Bc6 17. Bxc6+ bxc6 18. Qe2 Qxf4 19. axb4 O-O 20. Rxa7 Bxb4 21. Ne4 Nd5 22. h3 Ra8 23. Rfa1 Rxa7 24. Rxa7 Qc1+ 25. Kh2 Nf4 26. Qe3 Qxe3 27. fxe3 Nd3 28. b3 h6 29. Rd7 Nc5 30. Nxc5 Bxc5 31. Nd4 Rb8 32. Nxc6 Rxb3 33. e4 Be3 34. Kg3 Bg5+ 35. Kf2 Rc3 36. Nd4 Rd3 37. Ke2 Re3+ 38. Kf1 Rxe4 39. Nf3 Bf4 40. Rd8+ Kh7 41. Rd7 Kg6 42. Nh4+ Kh5 43. Nf3 Bxe5 44. Rxf7 Bf6 45. Kf2 Kg6 46. Rd7 Ra4 47. g4 e5 48. Kg3 e4 49. Nh4+ Bxh4+ 50. Kxh4 Ra3 51. Re7 e3 52. Kg3 Kf6 53. Re8 Kf7 54. Re4 Kf6 55. h4 g5 56. hxg5+ Kxg5 57. Re5+ Kf6 58. Re4 Kg5 59. Re5+ Kf6 60. Re4 e2+ 61. Kf2 e1=Q+ 62. Kxe1 Kg5 63. Kf2 Ra2+ 64. Kg3 Ra3+ 65. Kg2 Rb3 66. Kf2 Rc3 67. Kg2 Rc2+ 68. Kg3 Rc3+ 69. Kg2 Kh4 70. Kf2 Kg5 71. Kg2 1/2-1/2


[Site "https://www.chess.com"]

[Event "Titled Tuesday Blitz August 17 2021"]
[White "Krysa, Leandro"]
[Black "Jeet, Jain"]
[WhiteFideId "116807"]
[BlackFideId "5073022"]
[WhiteElo "2490"]
[BlackElo "2085"]
[Result "1-0"]
[Round "04"]
[TimeControl "180+1"]
[Date "2021.08.17"]
[WhiteClock "0:00:40"]
[BlackClock "0:00:12"]

1. e4 e5 2. d4 Nc6 3. Nf3 exd4 4. Nxd4 Bc5 5. Nb3 Bb6 6. Nc3 Nf6 7. Qe2 a5 8. a4 d6 9. Bg5 Nd4 10. Qd2 Nxb3 11. cxb3 Be6 12. Bc4 h6 13. Be3 Bxe3 14. Qxe3 O-O 15. O-O Qe7 16. Rfe1 Rfe8 17. f3 b6 18. Rad1 Rad8 19. Qd4 Nd7 20. Bxe6 fxe6 21. b4 Qf6 22. Nb5 Rc8 23. Qc3 Qxc3 24. bxc3 Ne5 25. f4 Nc4 26. Rd4 Nb2 27. Ra1 e5 28. fxe5 dxe5 29. Rd7 Red8 30. Rxc7 Rxc7 31. Nxc7 axb4 32. cxb4 Rd7 33. Nd5 Rb7 34. a5 bxa5 35. bxa5 Nc4 36. a6 Ra7 37. Nb4 Nd6 38. Nc6 Ra8 39. a7 Ne8 40. Nxe5 Nc7 41. Nc6 Kf7 42. e5 Ke6 43. Rd1 Nb5 44. Rd8 Nc7 45. Rd6+ Kf5 46. Rd7 Nb5 47. Rxg7 Rc8 48. Ne7+ 1-0


[Site "https://www.chess.com"]

[Event "Titled Tuesday Blitz August 17 2021"]
[White "Kuzubov, Yuriy"]
[Black "Chernobay, Artem"]
[WhiteFideId "14112906"]
[BlackFideId "4167406"]
[WhiteElo "2564"]
[BlackElo "2480"]
[Result "1-0"]
[Round "04"]
[TimeControl "180+1"]
[Date "2021.08.17"]
[WhiteClock "0:00:36"]
[BlackClock "0:00:03"]

1. d4 Nf6 2. Nf3 g6 3. Nbd2 d5 4. e3 Bg7 5. b4 O-O 6. Bb2 a5 7. b5 a4 8. c4 a3 9. Bc3 c6 10. Rc1 cxb5 11. cxb5 Bf5 12. Be2 Nbd7 13. O-O Nb6 14. Qb3 Qb8 15. Bb4 Re8 16. Ne5 Nfd7 17. Nxd7 Nxd7 18. Bf3 Nf6 19. b6 e5 20. Rc7 e4 21. Be2 Bd7 22. Bxa3 Bc6 23. Bd6 Qd8 24. Bg3 Rf8 25. Rc1 Nd7 26. Bb5 Nb8 27. a4 Qf6 28. Bxc6 Nxc6 29. Qxd5 Rxa4 30. Rxb7 Nb4 31. Qxe4 Ra2 32. Nf3 1-0


[Site "https://www.chess.com"]

[Event "Titled Tuesday Blitz August 17 2021"]
[White "Lamard, Guillaume"]
[Black "Batsuren, Dambasuren"]
[WhiteFideId "600261"]
[BlackFideId "4902920"]
[WhiteElo "2387"]
[BlackElo "2371"]
[Result "0-1"]
[Round "04"]
[TimeControl "180+1"]
[Date "2021.08.17"]
[WhiteClock "0:00:11"]
[BlackClock "0:00:08"]

1. Nf3 Nf6 2. c4 b6 3. g3 Bb7 4. Bg2 e6 5. O-O Be7 6. d4 O-O 7. Nc3 Ne4 8. Bd2 f5 9. Ne5 Nxc3 10. Bxc3 Bxg2 11. Kxg2 Bf6 12. Nf3 Qe8 13. Qd3 Nc6 14. e4 fxe4 15. Qxe4 Qh5 16. Rae1 Rae8 17. b3 d5 18. Qd3 dxc4 19. bxc4 Qf5 20. Re3 Qxd3 21. Rxd3 e5 22. dxe5 Nxe5 23. Bxe5 Bxe5 24. Ra3 Bd6 25. Rxa7 Ra8 26. Rxa8 Rxa8 27. Re1 Rxa2 28. Ng5 g6 29. Re8+ Kg7 30. Ne4 Kf7 31. Rh8 h5 32. Rd8 Be5 33. Rd5 Ra5 34. c5 Ke6 35. Rd8 bxc5 36. h4 c4 37. Rd1 c3 38. Kf3 Ra3 39. Rc1 Kd5 40. Ke3 c2+ 0-1


[Site "https://www.chess.com"]

[Event "Titled Tuesday Blitz August 17 2021"]
[White "Laurusas, Tomas"]
[Black "Martinez Reyes, Pedro Ramon"]
[WhiteFideId "12803731"]
[BlackFideId "3901807"]
[WhiteElo "2542"]
[BlackElo "2398"]
[Result "1-0"]
[Round "04"]
[TimeControl "180+1"]
[Date "2021.08.17"]
[WhiteClock "0:00:49"]
[BlackClock "0:00:01"]

1. Nf3 e6 2. d3 d5 3. Nbd2 Nf6 4. e4 Be7 5. Be2 b6 6. O-O Bb7 7. e5 Nfd7 8. d4 c5 9. c3 Ba6 10. Bxa6 Nxa6 11. Re1 b5 12. Nf1 O-O 13. Ng3 Rc8 14. a3 cxd4 15. Nxd4 Qb6 16. Qg4 Rfe8 17. Bh6 g6 18. h4 Nac5 19. Re3 Na4 20. Re2 Nac5 21. Rd1 a5 22. Re3 b4 23. axb4 axb4 24. h5 bxc3 25. bxc3 Bf8 26. Bxf8 Nxf8 27. Rf3 Qc7 28. Re1 Ne4 29. Nxe4 dxe4 30. Rxe4 Rb8 31. Ref4 Qxe5 32. hxg6 Nxg6 33. g3 f5 34. Nxf5 exf5 35. Rxf5 Rb1+ 36. Kg2 Qe1 37. Qc4+ Re6 38. Rh5 Qg1+ 39. Kh3 Qh1+ 40. Kg4 Qe1 41. Re3 Qd1+ 42. f3 Ne5+ 43. Rhxe5 1-0


[Site "https://www.chess.com"]

[Event "Titled Tuesday Blitz August 17 2021"]
[White "Le, Tuan Minh"]
[Black "Tristan, Leonardo"]
[WhiteFideId "12401153"]
[BlackFideId "113816"]
[WhiteElo "2450"]
[BlackElo "2404"]
[Result "0-1"]
[Round "04"]
[TimeControl "180+1"]
[Date "2021.08.17"]
[WhiteClock "0:00:03"]
[BlackClock "0:00:02"]

1. d4 Nf6 2. Nf3 d5 3. Bf4 e6 4. e3 Bd6 5. Nbd2 O-O 6. c3 b6 7. Bd3 Bb7 8. O-O Ne4 9. a4 a5 10. Qc2 f5 11. Rfd1 Nd7 12. Rac1 g5 13. Bxd6 cxd6 14. Ne1 Rc8 15. f3 Nxd2 16. Qxd2 Qe7 17. c4 Nf6 18. b4 dxc4 19. Bxc4 d5 20. Bb3 axb4 21. Nd3 Rc3 22. Rxc3 bxc3 23. Qxc3 Rc8 24. Qb2 Ba6 25. Bc2 Qc7 26. Bb1 Nd7 27. Rc1 Qd8 28. Nb4 Rxc1+ 29. Qxc1 Bc4 30. e4 fxe4 31. fxe4 Qf6 32. e5 Qe7 33. Nc6 Qg7 34. Qe3 Nf8 35. h3 h6 36. Nb4 Qa7 37. Bc2 Qa5 38. Nc6 Qa8 39. Nb4 Qa5 40. Qc3 Nd7 41. h4 gxh4 42. Qd2 Kg7 43. Qe1 b5 44. axb5 Qxb5 45. Qd2 Nb6 46. Kh2 Nd7 47. Qe1 Nf8 48. Qxh4 Qxb4 49. Qf6+ Kg8 50. Qxh6 Qe7 51. g4 Qg7 52. Qf4 Nh7 53. Kg3 Ng5 54. Qe3 Qh6 55. Qf4 Qh3+ 56. Kf2 Ne4+ 57. Bxe4 dxe4 58. Qxe4 Bd5 59. Qg6+ Kf8 60. Qf6+ Ke8 61. Qg6+ Kd7 62. Qf7+ Kc6 63. Qe8+ Kb6 64. Qb8+ Ka5 65. Qc7+ Kb4 66. Qb6+ Kc3 67. Qc5+ Kd2 68. Qb4+ Kc2 69. Qc5+ Kd1 70. Qb5 Qf3+ 71. Kg1 Qg2# 0-1


[Site "https://www.chess.com"]

[Event "Titled Tuesday Blitz August 17 2021"]
[White "Lintchevski, Daniil"]
[Black "Atabayev, Saparmyrat"]
[WhiteFideId "4171055"]
[BlackFideId "14000571"]
[WhiteElo "2494"]
[BlackElo "2483"]
[Result "1-0"]
[Round "04"]
[TimeControl "180+1"]
[Date "2021.08.17"]
[WhiteClock "0:02:13"]
[BlackClock "0:00:59"]

1. e4 c5 2. c3 d5 3. exd5 Nf6 4. d4 cxd4 5. cxd4 Nxd5 6. Nf3 g6 7. Bc4 Nb6 8. Bb3 Bg7 9. O-O O-O 10. h3 Nc6 11. d5 Na5 12. Nc3 Bxc3 13. bxc3 Nxb3 14. axb3 Qxd5 15. c4 Qxd1 16. Rxd1 Bf5 17. Nd4 Rfd8 18. Be3 Bd7 19. Nf3 f6 20. Bxb6 axb6 21. Rxa8 Rxa8 22. Rxd7 e5 23. Rxb7 Ra1+ 24. Kh2 1-0


[Site "https://www.chess.com"]

[Event "Titled Tuesday Blitz August 17 2021"]
[White "Maiorov, Nikita"]
[Black "Alekseenko, Kirill"]
[WhiteFideId "13501720"]
[BlackFideId "4135539"]
[WhiteElo "2440"]
[BlackElo "2580"]
[Result "0-1"]
[Round "04"]
[TimeControl "180+1"]
[Date "2021.08.17"]
[WhiteClock "0:00:01"]
[BlackClock "0:00:10"]

1. d4 d5 2. c4 dxc4 3. Nf3 a6 4. e3 Bg4 5. Bxc4 e6 6. Nc3 Nc6 7. h3 Bh5 8. O-O Nf6 9. Re1 Be7 10. g4 Bg6 11. e4 Nd7 12. Bf1 O-O 13. a3 Re8 14. Be3 Nf6 15. Bf4 Nd7 16. Rc1 Bd6 17. e5 Be7 18. d5 exd5 19. Nxd5 Nf8 20. Qb3 Ne6 21. Rcd1 Qc8 22. Bg3 Bf8 23. Qc3 Nc5 24. Bh2 Ne6 25. b4 Ne7 26. Nh4 Nxd5 27. Rxd5 c6 28. Rdd1 a5 29. f4 axb4 30. axb4 Be7 31. Nf3 f5 32. exf6 Bxf6 33. Qc4 Bf7 34. Ne5 Bxe5 35. Rxe5 Nc7 36. Qe4 Rxe5 37. Qxe5 Nd5 38. b5 Qf8 39. Qd4 h6 40. f5 Qa3 41. bxc6 bxc6 42. Re1 Qa5 43. Bg3 Qa3 44. Kh2 Qa2+ 45. Re2 Qb1 46. Bg2 Qb3 47. Be5 Ra3 48. Rb2 Qe3 49. Rb8+ Kh7 50. Qxe3 Rxe3 51. Bg3 Re2 52. Kg1 Re3 53. Bf2 Rc3 54. Rb7 Kg8 55. Bd4 Rc1+ 56. Kf2 Nf4 57. Bf3 Rc2+ 58. Ke3 Nxh3 59. Rb8+ Kh7 60. f6 Ng5 61. fxg7 Bg8 62. Be4+ Nxe4 63. Kxe4 Rg2 64. Kf5 Rd2 65. Be5 c5 66. Bf6 Rf2+ 67. Ke5 c4 68. Rb7 c3 69. Rc7 c2 70. Rc8 Kg6 71. Rc6 Re2+ 72. Kd4 c1=Q 73. Rxc1 Kxf6 74. Rc7 Re6 75. Rc8 Kxg7 0-1


[Site "https://www.chess.com"]

[Event "Titled Tuesday Blitz August 17 2021"]
[White "Majer, Damir"]
[Black "Papasimakopoulos, Alexandros"]
[WhiteFideId "4615689"]
[BlackFideId "4244125"]
[WhiteElo "2413"]
[BlackElo "2352"]
[Result "0-1"]
[Round "04"]
[TimeControl "180+1"]
[Date "2021.08.17"]
[WhiteClock "0:00:05"]
[BlackClock "0:00:37"]

1. d4 e6 2. Nf3 Nf6 3. e3 b6 4. Bd3 Bb7 5. c4 c5 6. Nc3 cxd4 7. exd4 Bb4 8. O-O O-O 9. Bg5 Be7 10. Re1 h6 11. Bf4 d6 12. Qd2 Re8 13. Bxh6 gxh6 14. Qxh6 Bf8 15. Qg5+ Bg7 16. Re3 Nbd7 17. Nh4 Nh7 18. Bxh7+ Kxh7 19. Qh5+ Kg8 20. Rg3 Qf6 21. Nf3 Bxf3 22. Rxf3 Qg6 23. Qh4 Kf8 24. Ne4 Qh6 25. Qg3 e5 26. Ng5 Re7 27. d5 Nf6 28. h4 Rc8 29. b3 e4 30. Rf5 Nh5 31. Qg4 Bxa1 32. Rxf7+ Rxf7 33. Qxc8+ Kg7 34. Nxf7 Kxf7 35. Qd7+ Kg8 36. Qe8+ Kh7 37. Qxe4+ Qg6 38. Qe7+ Bg7 39. g3 Nxg3 40. fxg3 Qxg3+ 41. Kf1 Qf3+ 42. Kg1 a5 43. a4 Kh6 44. Qe6+ Kh5 45. Qe8+ Kxh4 46. Qe7+ Bf6 47. Qh7+ Kg4 0-1


[Site "https://www.chess.com"]

[Event "Titled Tuesday Blitz August 17 2021"]
[White "Maksimovic, Bojan"]
[Black "Nurmanova, Alua"]
[WhiteFideId "14408120"]
[BlackFideId "13729390"]
[WhiteElo "2439"]
[BlackElo "1869"]
[Result "1-0"]
[Round "04"]
[TimeControl "180+1"]
[Date "2021.08.18"]
[WhiteClock "0:00:23"]
[BlackClock "0:00:01"]

1. g3 Nf6 2. Bg2 g6 3. d3 Bg7 4. e4 d6 5. Nd2 O-O 6. Nh3 e5 7. O-O Nc6 8. c3 h6 9. f4 Bg4 10. Qe1 exf4 11. gxf4 Re8 12. Qg3 Bd7 13. Bf3 h5 14. Ng5 Ng4 15. Nb3 a5 16. a4 Nh6 17. Nh3 Be6 18. Nd2 Bg4 19. Bg2 h4 20. Qf2 Bf6 21. Kh1 Qd7 22. Ng5 h3 23. Bf3 Bxf3+ 24. Ndxf3 Bg7 25. Qh4 d5 26. e5 Qf5 27. d4 Qd3 28. Bd2 Ne7 29. Qxh3 Nef5 30. Rg1 c5 31. dxc5 Rac8 32. b4 axb4 33. cxb4 Nd4 34. Nxd4 Qxd4 35. Rad1 Qc4 36. f5 Rxe5 37. fxg6 f5 38. Nf3 Ng4 39. Nxe5 Nxe5 40. Qxf5 Re8 41. Rde1 d4 42. Rg2 Qd5 43. Qh5 Kf8 44. Rf1+ Kg8 45. Qh7# 1-0


[Site "https://www.chess.com"]

[Event "Titled Tuesday Blitz August 17 2021"]
[White "Manon-og, Ramon Jr."]
[Black "Sokolovsky, Yahli"]
[WhiteFideId "5200776"]
[BlackFideId "2820242"]
[WhiteElo "2251"]
[BlackElo "1770"]
[Result "0-1"]
[Round "04"]
[TimeControl "180+1"]
[Date "2021.08.18"]
[WhiteClock "0:00:03"]
[BlackClock "0:00:05"]

1. d4 d6 2. Bg5 h6 3. Bh4 g5 4. Bg3 Nf6 5. e3 Ne4 6. Bc4 d5 7. Bd3 Nxg3 8. hxg3 Bg7 9. c4 e5 10. cxd5 exd4 11. e4 c6 12. Bc4 O-O 13. Nd2 b5 14. Bb3 c5 15. a3 c4 16. Ba2 c3 17. Nb3 Re8 18. Bb1 cxb2 19. Ra2 Qxd5 20. Ne2 Qd6 21. Nbxd4 Nc6 22. Nxc6 Qxc6 23. O-O Be6 24. Nd4 Bxd4 25. Qxd4 Bxa2 26. Bxa2 Qxe4 27. Qxb2 Qe2 28. Qb3 Re7 29. Bb1 Rc8 30. Qd5 Qxf1+ 31. Kh2 Qe2 32. Qf5 Kg7 33. Qxc8 Qh5+ 34. Qh3 Qxh3+ 35. gxh3 Re1 36. Bd3 a6 37. Kg2 Ra1 0-1


[Site "https://www.chess.com"]

[Event "Titled Tuesday Blitz August 17 2021"]
[White "Manukyan, Sargis A."]
[Black "Drygalov, Sergey"]
[WhiteFideId "13303970"]
[BlackFideId "24171743"]
[WhiteElo "2187"]
[BlackElo "2514"]
[Result "1-0"]
[Round "04"]
[TimeControl "180+1"]
[Date "2021.08.17"]
[WhiteClock "0:00:07"]
[BlackClock "0:00:05"]

1. d4 Nf6 2. c4 e6 3. Nc3 Bb4 4. Bd2 c5 5. a3 cxd4 6. axb4 dxc3 7. Bxc3 O-O 8. e3 Ne4 9. Bxg7 Kxg7 10. Qg4+ Kh8 11. Qxe4 Nc6 12. b5 f5 13. Qc2 Ne5 14. Qc3 Qf6 15. Be2 b6 16. Nf3 d6 17. Rd1 Bb7 18. Rxd6 Bxf3 19. gxf3 f4 20. Rg1 Rad8 21. Rxd8 Rxd8 22. exf4 Qxf4 23. Rg4 Qxh2 24. Re4 Qg1+ 25. Bf1 Rd1+ 26. Kxd1 Qxf1+ 27. Re1 Qd3+ 28. Qxd3 Nxd3 29. Rxe6 Nxb2+ 30. Ke2 Nxc4 31. Re7 Nd6 32. Rxa7 Nxb5 33. Rb7 Nd4+ 34. Ke3 Nf5+ 35. Kf4 Nd4 36. Rxb6 Kg7 37. Rb7+ Kg6 38. Ke4 Ne2 39. f4 h5 40. f5+ Kf6 41. Rb6+ Kg5 42. Rg6+ Kh4 43. f6 Nc3+ 44. Kf5 Nd5 45. f7 Ne7+ 46. Kf6 Nd5+ 47. Kg7 Nc7 48. f8=Q Ne6+ 49. Kf7 Kh3 50. Kxe6 h4 51. Qf5+ Kh2 52. Qh5 1-0


[Site "https://www.chess.com"]